 Dungeon Crawl Stone Soup version 0.30-a0-591-g3c58d2bc28 (webtiles) character file.

Game seed: 12753804261534151468

53 brightshaft the Shooter (level 3, -2/27 HPs)
             Began as a Demigod Hexslinger on Jan 6, 2023.
             Slain by an orc wizard
             ... wielding a +1 dagger of speed
              (3 damage)
             ... on level 2 of the Dungeon.
             The game lasted 00:04:05 (1010 turns).

brightshaft the Shooter (Demigod Hexslinger)        Turns: 1010, Time: 00:04:06

Health: -2/27      AC:  7    Str: 11    XL:     3   Next: 42%
Magic:  6/6        EV: 12    Int: 15    God:
Gold:   129        SH:  0    Dex: 18    Spells: 0/4 levels left

rFire   . . .      SeeInvis .    a - +1 sling
rCold   . . .      Faith    .    (no shield)
rNeg    . . .      Spirit   .    c - +0 robe
rPois   .          Reflect  .    (no helmet)
rElec   .          Harm     .    (no cloak)
rCorr   .          Rampage  .    i - +0 pair of gloves
Will    .....                    (no boots)
Stlth   ++                       (no amulet)
HPRegen 0.24/turn                d - +4 ring of protection
MPRegen 0.10/turn                l - +4 ring of slaying

@: no status effects
A: high MP 1, forlorn, divine attributes
a: no special abilities


You were on level 2 of the Dungeon.
You visited 1 branch of the dungeon, and saw 3 of its levels.

You collected 129 gold pieces.

Inventory:

Hand Weapons
 a - a +1 sling (weapon)
Armour
 c - a +0 robe (worn)
 f - a +0 leather armour of poison resistance
 i - a +0 pair of gloves (worn)
 r - a +2 tower shield
Jewellery
 d - a +4 ring of protection (left hand)
 k - an amulet of guardian spirit
 l - a +4 ring of slaying (right hand)
Scrolls
 b - a scroll of poison
 j - a scroll of noise {unknown}
 m - 2 scrolls of amnesia {unknown}
 n - a scroll of immolation {unknown}
 o - 2 scrolls of teleportation {unknown}
 p - a scroll of blinking {unknown}
 q - 3 scrolls of identify {unknown}
 t - a scroll of butterflies {unknown}
 u - a scroll of enchant armour {unknown}
Potions
 e - a potion of brilliance {unknown}
 g - a potion of cancellation {unknown}
 h - a potion of heal wounds {unknown}
 s - 2 potions of mutation {unknown}


   Skills:
 - Level 0.8 Fighting
 * Level 3.6 Ranged Weapons
 - Level 1.7 Dodging
 - Level 1.0 Spellcasting
 - Level 2.6 Hexes
 + Level 0.5 Ice Magic


You couldn't memorise any spells.
You knew the following spells:

 Your Spells              Type           Power      Damage    Failure   Level
a - Slow                  Hex            32%        N/A       9%          1
b - Frozen Ramparts       Ice            4%         1d1       52%         3

Your spell library contained the following spells:

 Spells                   Type           Power      Damage    Failure   Level
 Freeze                   Ice            8%         1d3       21%         1
 Magic Dart               Conj           0%         1d3       24%         1
 Searing Ray              Conj           0%         2d4       36%         2
 Inner Flame              Hex/Fire       4%         N/A       38%         3
 Portal Projectile        Hex/Tloc       8%         N/A       38%         3
 Hailstorm                Conj/Ice       1%         3d3       54%         3
 Cause Fear               Hex            4%         N/A       63%         4
 Fulminant Prism          Conj/Hex       2%         3d5       80%         4


Dungeon Overview and Level Annotations

Branches:
Dungeon (3/15)


Innate Abilities, Weirdness & Mutations

You have an increased reservoir of magic. (+10% MP)
You shall have no god before yourself.
Your divine heritage dramatically boosts your attributes as you level up.


Message History

The magic dart hits you. Something hits you but does no damage.
Fire: a) +1 sling
Press: ? - help, Shift-Dir - straight line You shoot a sling bullet.
You hear some strange, mumbled words.
You are confused.
You shoot a sling bullet.
Something hits you but does no damage. x2
You shoot a sling bullet. Something hits you.
You hear some strange, mumbled words.
Something tries to affect you, but you resist.
You shoot a sling bullet. Something hits you but does no damage.
You shoot a sling bullet.
You feel less confused.
You hear some strange, mumbled words.
A magic dart appears from out of thin air!
The magic dart hits you!
* * * LOW HITPOINT WARNING * * *
Fire: a) +1 sling
Press: ? - help, Shift-Dir - straight line, f - you Fire: a) +1 sling
Press: ? - help, Shift-Dir - straight line, f - you Fire: a) +1 sling
Press: ? - help, Shift-Dir - straight line You shoot a sling bullet.
Something hits you but does no damage. x2
Fire: a) +1 sling
Press: ? - help, Shift-Dir - straight line You shoot a sling bullet.
Something barely misses you.
You hear some strange, mumbled words.
A puff of flame appears from out of thin air!
The puff of flame hits you.
* * * LOW HITPOINT WARNING * * *
Fire: a) +1 sling
Press: ? - help, Shift-Dir - straight line You shoot a sling bullet.
Something hits you but does no damage.
Fire: a) +1 sling
Press: ? - help, Shift-Dir - straight line You shoot a sling bullet.
Something hits you.
* * * LOW HITPOINT WARNING * * *
Something hits you.
You die...

#....).....# #.(..# #....
#..........## #....# #....
#...........####....##########...
#.............##....#.....^......
#############.##....#....._......
##..................#......<.....
.#.......#####.#.####............
.........# #.).#.{.............).
.........# #.###@##..............
.........# #.....###>............
...##'############ ##............
...##.# #......<# #############
...##.###.####### ...##.....#
...######## ####


There were no monsters in sight!

Vanquished Creatures
  7 ball pythons
  4 bats (D:1)
  7 endoplasms
  5 giant cockroaches
  4 goblins
  5 hobgoblins
  5 kobolds
  2 quokkas
  4 frilled lizards
  2 rats (D:1)
45 creatures vanquished.

Notes
Turn   | Place    | Note
-------+----------+-------------------------------------------
     0 | D:1      | brightshaft the Demigod Hexslinger began the quest for the
                  | Orb.
     0 | D:1      | Reached XP level 1. HP: 15/15 MP: 4/4
    19 | D:1      | Reached skill level 2 in Ranged Weapons
    92 | D:1      | Reached XP level 2. HP: 22/22 MP: 5/5
   321 | D:1      | Reached skill level 3 in Ranged Weapons
   470 | D:1      | Reached XP level 3. HP: 27/27 MP: 6/6
   474 | D:1      | Learned a level 3 spell: Frozen Ramparts
  1010 | D:2      | HP: 1/27 [something (3)]
  1010 | D:2      | Slain by an orc wizard

Illustrated notes

Levels and vault maps discovered:
D:1:      ebering_trefoil_twist, layout_rooms, serial_park_tiny_pond,
          minmay_fountain_box
D:2:      layout_basic, basic_ecumenical_altar, minivault_4
D:3:      layout_rooms, mainiacjoe_overflow_catwalk, nrook_loot_triangle

Skill      XL: |  1  2 |
---------------+-------+-----
Ranged Weapons | 2 3 |  3.6
Fighting       | |  0.8
Dodging        | |  1.7
Spellcasting   | |  1.0
Hexes          | |  2.6
Ice Magic      | |  0.5

Action                   || total
-------------------------++-------
 Fire: Sling             ||   128
 Cast: Slow              ||     1
Armor: Robe              ||    26
Dodge: Dodged            ||    20

Table legend: (Time is in decaauts)
 A = Elapsed time spent in this place.
 B = Non-inter-level travel time spent in this place.
 C = Inter-level travel time spent in this place.
 D = Time resting spent in this place.
 E = Time spent auto-exploring this place.
 F = Levels seen in this place.
 G = Mean time per level.
                   A        B        C        D        E       F      G
               +--------+--------+--------+--------+--------+-----+--------+
         Total |   1042 |    995 |     47 |      0 |    699 |   3 |  347.3 |
       Dungeon |   1042 |    995 |     47 |      0 |    699 |   3 |  347.3 |
               +--------+--------+--------+--------+--------+-----+--------+

Top non-repeatable levels by time:
     D:1: 565 daAuts
     D:2: 467 daAuts
     D:3: 9 daAuts
